 Dungeon Crawl Stone Soup version 0.25.0-1-g7eea58d2a3 (webtiles) character file.

Game seed: 11379227136947597063

177326 Esekla the Thaumaturge (level 18, -10/132 HPs)
             Began as a Formicid Wanderer on June 14, 2020.
             Was the Champion of Qazlal.
             Mangled by a ghost moth (11 damage)
             ... on level 4 of the Spider Nest.
             The game lasted 06:10:51 (36692 turns).

Esekla the Thaumaturge (Formicid Wanderer)         Turns: 36692, Time: 06:10:52

Health: -10/132    AC: 21    Str: 22    XL:     18   Next: 83%
Magic:  0/35       EV: 16    Int: 24    God:    Qazlal [******]
Gold:   1065       SH:  8    Dex: 11    Spells: 4/43 levels left

rFire    . . .     SeeInvis +   a - +8 arc blade {discharge, rElec}
rCold    . . .     Gourm    .   (no shield)
rNeg     . . .     Faith    .   O - +3 troll leather armour
rPois    +         Spirit   .   (helmet unavailable)
rElec    +         Reflect  .   u - +2 cloak {MR+}
rCorr    .         Harm     .   f - +0 pair of gloves
MR       ++...                  z - +1 pair of boots of Gaiphake {Str+3 Int+5}
Stlth    +.........             p - amulet of magic regeneration
HPRegen  0.72/turn              x - +4 ring of protection
MPRegen  0.49/turn              d - ring of poison resistance

@: mighty, singing, protected from electricity, repel missiles
A: permanent stasis, dig shafts and tunnels, four strong arms, antennae 3,
hooves 1, icy blue scales 1, electricity resistance, strong 1
a: Dig, Shaft Self, Upheaval, Elemental Force, Disaster Area, Renounce Religion


You were on level 4 of the Spider Nest.
You worshipped Qazlal.
Qazlal was exalted by your worship.
You were very hungry.

You visited 7 branches of the dungeon, and saw 28 of its levels.
You also visited: Ice Cave and Volcano.

You collected 2935 gold pieces.
You spent 1870 gold pieces at shops.

Inventory:

Hand Weapons
 a - the +8 arc blade (weapon) {discharge, rElec}
   (You acquired it on level 13 of the Dungeon)

   It insulates you from electricity.
 s - a +0 battleaxe of freezing
 v - a +3 dagger of venom
 Q - a +2 vorpal trident
 Z - a +0 long sword of protection
Missiles
 k - 36 boomerangs
 m - 58 poisoned darts (quivered)
 E - 3 boomerangs of dispersal
Armour
 f - a +0 pair of gloves (worn)
 u - a +2 cloak of magic resistance (worn)
 z - the +1 pair of boots of Gaiphake (worn) {Str+3 Int+5}
   (You found it on level 6 of the Dungeon)

   It affects your strength (+3).
   It affects your intelligence (+5).
 G - a +2 robe of the Archmagi
 O - a +3 troll leather armour (worn)
 X - a +0 kite shield of reflection
Jewellery
 b - a +6 ring of intelligence
 c - a +4 ring of protection
 d - a ring of poison resistance (right hand)
 p - an amulet of magic regeneration (around neck)
 w - an uncursed amulet of the acrobat
 x - a +4 ring of protection (left hand)
 J - an uncursed ring of protection from fire
 L - an uncursed ring of ice
Wands
 e - a wand of iceblast (32)
 y - a wand of flame (17)
 B - a wand of acid (4)
 F - a wand of clouds (11)
 K - a wand of digging (9)
 P - a wand of paralysis (12)
 R - a wand of disintegration (30)
Scrolls
 g - 6 scrolls of enchant weapon
 i - 15 scrolls of remove curse
 j - a scroll of vulnerability
 H - a scroll of acquirement
 M - a scroll of silence
 U - 14 scrolls of identify
 V - 2 scrolls of enchant armour
 W - a scroll of fog
 Y - 2 scrolls of magic mapping
Potions
 l - 5 potions of resistance
 n - 2 potions of lignification
 o - a potion of heal wounds
 r - 7 potions of stabbing
 t - 5 potions of might
 A - 2 potions of brilliance
 C - a potion of invisibility
 D - 4 potions of ambrosia
 N - a potion of magic
 S - 3 potions of cancellation
Miscellaneous
 h - a lightning rod (4/4)
 T - a tin of tremorstones (3/3)
Comestibles
 q - 37 rations


   Skills:
 + Level 9.3 Fighting
 - Level 10.2 Short Blades
 + Level 0.8(6.4) Long Blades
 + Level 1.4 Axes
 - Level 1.0 Throwing
 + Level 7.0 Armour
 + Level 9.6 Dodging
 - Level 1.8 Stealth
 + Level 8.6 Shields
 * Level 13.0 Spellcasting
 + Level 10.1 Conjurations
 * Level 6.9 Hexes
 * Level 5.9 Charms
 + Level 7.2 Summonings
 * Level 6.0 Necromancy
 + Level 2.6 Translocations
 * Level 4.3 Transmutations
 + Level 9.7 Fire Magic
 * Level 5.3 Ice Magic
 + Level 7.5 Air Magic
 + Level 9.7 Poison Magic
 + Level 0.1 Evocations


You had 4 spell levels left.
You knew the following spells:

 Your Spells              Type           Power        Failure   Level  Hunger
b - Fireball              Conj/Fire      ######....   1%          5    ###....
c - Mephitic Cloud        Conj/Pois/Air  ######..     1%          3    None
d - Magic Dart            Conj           ####         1%          1    None
e - Searing Ray           Conj           ######       1%          2    None
f - Conjure Flame         Conj/Fire      ######..     1%          3    None
g - Apportation           Tloc           ####..       1%          1    None
k - Tukima's Dance        Hex            #####...     1%          3    None
l - Summon Lightning Spi  Summ/Air       ######..     1%          4    None
r - Irradiate             Conj/Tmut      ######....   6%          5    ###....
s - Song of Slaying       Chrm           #####...     1%          2    None
v - Vampiric Draining     Necr           #####.....   1%          3    None
y - Sticky Flame          Conj/Fire      ######..     1%          4    None
z - Ozocubu's Armour      Chrm/Ice       #####...     1%          3    None

Your spell library contained the following spells:

 Spells                   Type           Power        Failure   Level  Hunger
 Beastly Appendage        Tmut           #####.       1%          1    None
 Foxfire                  Conj/Fire      ####         1%          1    None
 Infusion                 Chrm           ####         1%          1    None
 Summon Butterflies       Summ           ######..     1%          1    None
 Summon Small Mammal      Summ           ####         1%          1    None
 Call Imp                 Summ           ######..     1%          2    None
 Shroud of Golubria       Chrm/Tloc      #####.       1%          2    None
 Slow                     Hex            #####...     1%          2    None
 Sticks to Snakes         Tmut           #####...     1%          2    None
 Call Canine Familiar     Summ           ######..     1%          3    None
 Dazzling Flash           Conj/Hex       ######       1%          3    None
 Ignite Poison            Fire/Tmut/Pois ######..     1%          3    None
 Inner Flame              Hex/Fire       ######..     1%          3    None
 Recall                   Summ/Tloc      N/A          1%          3    None
 Spectral Weapon          Hex/Chrm       #####...     1%          3    None
 Spider Form              Tmut/Pois      #####.....   1%          3    None
 Stone Arrow              Conj/Erth      #####.       1%          3    None
 Summon Guardian Golem    Hex/Summ       #####...     1%          3    None
 Fulminant Prism          Conj/Hex       ######....   1%          4    None
 Passwall                 Tmut/Erth      ####....     2%          2    None
 Iskenderun's Mystic Bla  Conj/Tloc      #####...     3%          4    None
 Summon Ice Beast         Ice/Summ       #####...     3%          4    None
 Sandblast                Erth           ###...       4%          1    None
 Lesser Beckoning         Tloc           ####......   4%          3    None
 Ice Form                 Ice/Tmut       #####...     6%          4    None
 Leda's Liquefaction      Hex/Erth       ####......   11%         4    None
 Petrify                  Tmut/Erth      ####....     17%         4    None
 Alistair's Intoxication  Tmut/Pois      #####...     7%          5    ###....
 Bolt of Magma            Conj/Fire/Erth #####.....   8%          5    ###....
 Metabolic Englaciation   Hex/Ice        #####.....   10%         5    ###....
 Starburst                Conj/Fire      ######....   12%         6    #####..
 Blade Hands              Tmut           #####.....   21%         5    ###....
 Freezing Cloud           Conj/Ice/Air   ######....   28%         6    #####..
 Invisibility             Hex            #####...     36%         6    #####..
 Simulacrum               Ice/Necr       #####.....   54%         6    #####..
 Ozocubu's Refrigeration  Ice            #####.....   58%         6    #####..
 Lee's Rapid Deconstruct  Erth           ###.......   75%         5    ###....
 Ring of Flames           Chrm/Fire      ######....   82%         7    ######.
 Summon Hydra             Summ           ######....   88%         7    ######.
 Statue Form              Tmut/Erth      ####.....    95%         6    #####..
 Ignition                 Fire           ######....   99%         8    #######
 Blink                    Tloc           Unusable     N/A         2    N/A

Dungeon Overview and Level Annotations

Branches:
Dungeon (13/15)            Temple (1/1) D:4            Lair (6/6) D:11
 Shoals (1/4) Lair:2       Spider (4/4) Lair:2        Slime (0/5) Lair:5
    Orc (2/2) D:11            Elf (1/3) Orc:2         IceCv (visited)
Volcano (visited)
 Vaults: D:13-14

Altars:
Ashenzari
Cheibriados
Dithmenos
Elyvilon
Fedhas
Gozag
Hepliaklqana
Kikubaaqudgha
Makhleb
Nemelex Xobeh
Okawaru
Qazlal
Ru
Sif Muna
Trog
Uskayaw
Vehumet
Wu Jian
Xom
Yredelemnul
Zin
The Shining One
Beogh
Jiyva

Shops:
D:9 %**   D:12 [   Orc:2 :**   Elf:1 (

Annotations:
Lair:3 3 runed translucent doors, Deesahac's ghost, journeyman BaFi


Innate Abilities, Weirdness & Mutations

You cannot be hasted, slowed, berserked, paralysed or teleported.
You can dig through walls and to a lower floor.
Your four strong arms can wield two-handed weapons with a shield.
You have a pair of large antennae on your head. (SInv)
You have large cloven feet.
You are partially covered in icy blue scales. (AC +2)
You are resistant to electric shocks. (rElec)
Your muscles are strong. (Str +2)


Message History

The ghost moth stares at you.
You feel your power leaking away. The ghost moth hits you!
* * * LOW HITPOINT WARNING * * *
The ghost moth hits you!
* * * LOW HITPOINT WARNING * * *
The ghost moth stings you but does no damage.
The jumping spider leaps!
You feel much better.
The spark wasp burns!
The spark wasp closely misses you.
The spark wasp is engulfed in blazing flames.
The spark wasp stings you!!
* * * LOW HITPOINT WARNING * * *
The spark wasp shocks you. You resist.
* * * LOW HITPOINT WARNING * * *
You block the emperor scorpion's attack.
The emperor scorpion completely misses you.
The emperor scorpion closely misses you.
The ghost moth stares at you. The ghost moth hits you!
You die...

###### ...^.# ### ######## #####
.†..## ##^####.≈.#.^####^#^##
....# #^≈#....°#y#..#....#.####
....####^..^..§y@s.#^.........≈#
...^##^.^...#.sy##^.....#.....^#
)...##.....s...yy...^.........≈#
....^^......^..y{≈.†.....#...≈.##
..^##.......#...^#yy..#^...#.≈..#
...#..#...##.#.#.^#≈.......^....#
...##..[^...≈≈≈≈^^^≈≈≈≈≈......#.#
...###.#...≈≈≈≈≈#^y≈≈≈≈≈..#..≈^.#
..^#..#^≈#≈≈≈≈≈≈≈.≈≈≈≈≈≈≈≈.#.#^.#


You could see an emperor scorpion, a ghost moth (invisible), 2 spark wasps, a
wolf spider, a moth of wrath, a hornet and a jumping spider.

Vanquished Creatures
  Gastronok (Lair:2)
  Donald (Spider:3)
  Roxanne (Spider:3)
  A deep elf sorcerer (Elf:1)
  A frost giant (IceCv)
  2 ghost moths (Spider:3)
  7 entropy weavers
  A spark wasp (Spider:4)
  A deep elf death mage (Elf:1)
  Snorg (Lair:6)
  Josephine (D:11)
  4 hydras
  2 centaur warriors (Orc:2)
  2 dancing weapons
  3 two-headed ogres
  8 death yaks
  Nergalle (Lair:2)
  6 deep elf knights (Elf:1)
  A swamp dragon (Lair:6)
  An unseen horror (D:13)
  5 wizards (Volcano)
  9 deep elf archers (Elf:1)
  20 orb spiders
  32 deep elf magi (Elf:1)
  4 orc sorcerers
  2 orc knights (Orc:2)
  2 cyclopes
  4 ugly things
  4 oklob plants (Lair:2)
  36 wolf spiders
  5 toenail golems (Volcano)
  A manticore (D:11)
  Maurice (Orc:2)
  A guardian serpent (Lair:6)
  8 elephants (Lair:5)
  9 black mambas
  4 moths of wrath
  An ice statue (IceCv)
  13 spiny frogs
  A torpor snail (Spider:3)
  8 komodo dragons
  3 rime drakes
  21 demonic crawlers
  6 trolls
  3 meliai (Spider:3)
  41 jumping spiders
  10 polar bears (IceCv)
  5 hornets
  4 tyrant leeches
  5 slime creatures
  A hippogriff (shapeshifter) (D:13)
  18 blink frogs
  68 redbacks
  12 hippogriffs
  40 tarantellas
  2 water elementals (Elf:1)
  4 hogs (D:7)
  4 wraiths (D:11)
  75 yaks
  3 basilisks
  A human (D:7)
  14 wyverns (Lair:6)
  2 steam dragons (Lair:6)
  4 vampire mosquitoes (D:12)
  An acid dragon (Lair:6)
  3 swamp drakes (Lair:6)
  20 water moccasins
  9 porcupines
  A black bear (D:10)
  33 orc warriors
  2 hornet zombies
  An ice beast (D:10)
  6 sky beasts
  4 phantoms
  11 ogres
  12 wolves
  25 centaurs
  19 crocodiles
  9 big kobolds
  4 earth elementals
  18 bullfrogs
  3 gnoll sergeants (D:11)
  2 water moccasin zombies
  2 scorpions (D:5)
  7 killer bees
  3 wights (D:6)
  An electric eel (Spider:2)
  6 howler monkeys
  A quasit (D:7)
  2 centaur zombies
  6 crimson imps
  A bullfrog skeleton (D:8)
  5 hounds
  5 jellies
  Crazy Yiuf (D:7)
  14 orc priests
  2 centaur skeletons
  5 iguanas
  19 orc wizards
  10 worker ants
  2 hound zombies
  A howler monkey zombie (D:8)
  9 gnolls
  A worker ant zombie (D:6)
  3 adders
  3 shadow imps
  An ooze (D:2)
  3 adder skeletons
  An adder zombie (D:5)
  2 worms
  A dart slug (D:1)
  9 leopard geckos
  81 orcs
  7 bats
  7 giant cockroaches
  5 goblins
  8 hobgoblins
  12 jackals
  29 kobolds
  6 quokkas
  A ball python zombie (D:5)
  8 frilled lizards
  A jackal skeleton (D:2)
  A jackal zombie (D:5)
  2 leopard gecko skeletons (D:4)
  7 rats
  A fungus (Lair:4)
  2 plants
1049 creatures vanquished.

Vanquished Creatures (collateral kills)
  Arachne (Spider:1)
  An emperor scorpion (Spider:1)
  A fire dragon (Lair:6)
  An orb spider (Spider:3)
  A wolf spider (Spider:1)
  An ugly thing (D:13)
  A redback (Spider:2)
  A tarantella (Spider:2)
  A porcupine (Lair:2)
  A bullfrog (Lair:2)
  A plant (Lair:2)
11 creatures vanquished.

Vanquished Creatures (others)
  5 polar bears (IceCv)
  A human (D:13)
  An orc warrior (Orc:2)
  7 wolves (IceCv)
  175 foxfires
  18 fungi
  15 plants
222 creatures vanquished.

Grand Total: 1282 creatures vanquished

Notes
Turn   | Place    | Note
-------+----------+-------------------------------------------
     0 | D:1      | Esekla the Formicid Wanderer began the quest for the Orb.
     0 | D:1      | Esekla set off with the following items: a +0 club, a
                  | potion of curing, a +0 robe, a ration; and the following
                  | spell memorised: Foxfire; and the following spells
                  | available to memorise: Conjure Flame, Inner Flame, Sticky
                  | Flame, Fireball
     0 | D:1      | Reached XP level 1. HP: 16/16 MP: 3/3
   221 | D:1      | Reached XP level 2. HP: 23/23 MP: 1/5
   589 | D:2      | Reached XP level 3. HP: 21/28 MP: 2/6
   658 | D:2      | Found a sparkling altar of Nemelex Xobeh.
   877 | D:1      | Reached skill level 1 in Conjurations
   982 | D:1      | Reached XP level 4. HP: 34/34 MP: 8/8
   995 | D:1      | Learned a level 4 spell: Sticky Flame
  1008 | D:1      | Learned a level 3 spell: Conjure Flame
  1627 | D:2      | Reached skill level 3 in Spellcasting
  1919 | D:2      | Reached skill level 1 in Short Blades
  2171 | D:3      | Found a sacrificial altar of Ru.
  2271 | D:3      | Reached XP level 5. HP: 39/39 MP: 5/9
  3273 | D:4      | Reached XP level 6. HP: 30/47 MP: 10/10
  3596 | D:4      | Found a snail-covered altar of Cheibriados.
  3596 | D:4      | Found a shattered altar of Ashenzari.
  3597 | D:4      | Found a hide-covered altar of Uskayaw.
  3723 | D:5      | Entered Level 5 of the Dungeon
  4031 | D:5      | Found a shadowy altar of Dithmenos.
  4138 | D:5      | Noticed an ogre
  4156 | D:5      | Noticed an ogre
  4160 | D:5      | Killed an ogre
  4160 | D:5      | Reached XP level 7. HP: 11/52 MP: 12/12
  4455 | D:4      | Found a glowing silver altar of Zin.
  4519 | D:4      | Found a staircase to the Ecumenical Temple.
  4528 | Temple   | Entered the Ecumenical Temple
  4647 | Temple   | Became a worshipper of Qazlal Stormbringer
  5979 | D:5      | Reached XP level 8. HP: 8/60 MP: 11/13
  6372 | D:5      | Reached skill level 4 in Spellcasting
  7513 | D:5      | Reached * piety under Qazlal
  7513 | D:5      | Reached skill level 5 in Short Blades
  7869 | D:6      | Got a pair of smoking boots
  7897 | D:5      | Identified the +1 pair of boots of Gaiphake {Str+3 Int+5}
                  | (You found it on level 6 of the Dungeon)
  8600 | D:6      | Noticed a green ugly thing
  8684 | D:7      | Found a stormy altar of Qazlal.
  8786 | D:7      | Noticed a hippogriff
  9024 | D:7      | Reached XP level 9. HP: 65/65 MP: 12/16
  9026 | D:7      | Noticed a hippogriff
  9039 | D:7      | Killed a hippogriff
  9039 | D:7      | Reached skill level 5 in Spellcasting
  9320 | D:6      | Killed a purple ugly thing
  9320 | D:6      | Reached skill level 5 in Fire Magic
  9783 | D:6      | Reached ** piety under Qazlal
  9817 | D:6      | Reached skill level 6 in Spellcasting
 10156 | D:6      | Reached XP level 10. HP: 55/73 MP: 15/19
 10374 | D:6      | Reached skill level 1 in Axes
 11002 | D:7      | Reached skill level 5 in Fighting
 11057 | D:7      | Got a slimy kite shield
 11116 | D:7      | Reached skill level 5 in Conjurations
 11169 | D:7      | Learned a level 3 spell: Mephitic Cloud
 11312 | D:7      | Learned a level 1 spell: Magic Dart
 11317 | D:7      | Learned a level 4 spell: Summon Lightning Spire
 11353 | D:7      | Found a runed translucent door.
 11355 | D:7      | Noticed Crazy Yiuf
 11367 | D:7      | Killed Crazy Yiuf
 11380 | D:7      | Identified the +3 kite shield of Fun {rPois rF++ Str-3
                  | Dex+4} (You found it on level 7 of the Dungeon)
 11475 | D:7      | Reached skill level 1 in Poison Magic
 11693 | D:8      | Found a sparkling altar of Nemelex Xobeh.
 11706 | D:7      | Reached skill level 1 in Air Magic
 11787 | D:8      | Reached skill level 5 in Dodging
 11813 | D:8      | Reached skill level 1 in Summonings
 11822 | D:8      | Noticed a two-headed ogre
 11834 | D:8      | Killed a two-headed ogre
 11858 | D:8      | Reached skill level 1 in Shields
 11858 | D:8      | Reached XP level 11. HP: 42/80 MP: 10/20
 12475 | D:9      | Found Geasyl's General Store.
 12498 | D:9      | Reached *** piety under Qazlal
 12688 | D:9      | Found Utwaory's General Store.
 13026 | D:9      | Found Qufe Efiwi's Food Emporium.
 13215 | D:9      | Found a shimmering blue altar of Sif Muna.
 13272 | D:10     | Entered Level 10 of the Dungeon
 13544 | D:10     | Noticed a two-headed ogre
 13557 | D:10     | Killed a two-headed ogre
 13557 | D:10     | Reached skill level 1 in Armour
 13863 | D:10     | Reached **** piety under Qazlal
 14540 | D:11     | Identified 2 scrolls of acquirement
 14545 | D:11     | Learned a level 2 spell: Searing Ray
 14678 | D:11     | Found a frozen archway.
 14724 | D:11     | Reached XP level 12. HP: 31/88 MP: 3/21
 14855 | IceCv    | Entered an ice cave
 14896 | IceCv    | Reached skill level 5 in Poison Magic
 15222 | IceCv    | Learned a level 5 spell: Fireball
 15520 | IceCv    | Noticed a death yak
 15553 | IceCv    | Killed a death yak
 15730 | IceCv    | Reached ***** piety under Qazlal
 15999 | IceCv    | Noticed a death yak
 16022 | IceCv    | Killed a death yak
 16071 | IceCv    | Noticed a frost giant
 16100 | IceCv    | Killed a frost giant
 16204 | IceCv    | Got an ichor-stained dagger
 16211 | IceCv    | Identified the cursed +0 dagger "Tiuboc" {freeze, rF+} (You
                  | found it in an ice cave)
 16462 | D:11     | You fall into a shaft and drop 2 floors!
 16495 | D:13     | Reached XP level 13. HP: 53/95 MP: 11/22
 16656 | D:13     | Reached skill level 5 in Armour
 16686 | D:13     | Found the +8 arc blade {discharge, rElec}
 16686 | D:13     | Got the +8 arc blade {discharge, rElec}
 16853 | D:12     | Found Urghy's Armour Shop.
 17155 | D:12     | Bought a +2 robe of the Archmagi for 414 gold pieces
 17207 | D:11     | Reached skill level 10 in Short Blades
 17491 | D:11     | Reached ****** piety under Qazlal
 17590 | D:11     | Noticed Josephine
 17605 | D:11     | Killed Josephine
 17605 | D:11     | Reached skill level 5 in Air Magic
 17973 | D:11     | Found a staircase to the Lair.
 18065 | D:11     | Found a staircase to the Orcish Mines.
 18268 | Lair:1   | Entered Level 1 of the Lair of Beasts
 18277 | Lair:1   | Identified Sif Muna's Guide on the Dusty Compass
 19154 | Lair:2   | Noticed Gastronok
 19161 | Lair:2   | Reached XP level 14. HP: 102/103 MP: 14/24
 19169 | Lair:2   | Killed Gastronok
 19169 | Lair:2   | Reached skill level 7 in Spellcasting
 19273 | Lair:2   | Found a staircase to the Shoals.
 19325 | Lair:2   | Noticed Nergalle
 19341 | Lair:2   | Killed Nergalle
 19469 | Lair:2   | Found the +6 lightning scales {run, rElec}
 19734 | Lair:2   | Found a hole to the Spider Nest.
 20505 | Lair:2   | Got a steaming robe
 20506 | Lair:2   | Identified the +1 robe of Ashenzari's Envy {*Drain rElec
                  | rN+++ SInv} (You found it on level 2 of the Lair of Beasts)
 20688 | Shoals:1 | Entered Level 1 of the Shoals
 20735 | Spider:1 | Entered Level 1 of the Spider Nest
 20788 | Lair:3   | Reached skill level 5 in Summonings
 20811 | Lair:3   | Reached skill level 8 in Spellcasting
 20899 | Lair:3   | Found a runed translucent gate.
 20899 | Lair:3   | Found a runed translucent gate.
 20913 | Lair:3   | Found a dark tunnel.
 20943 | Volcano  | Entered a volcano
 21999 | Lair:3   | Found a runed translucent gate.
 22003 | Lair:3   | Found a viscous altar of Jiyva.
 22005 | Lair:3   | Noticed Deesahac's ghost (journeyman BaFi)
 22376 | Lair:4   | Reached skill level 9 in Spellcasting
 23148 | Lair:5   | Reached XP level 15. HP: 110/110 MP: 24/28
 23700 | Lair:5   | Found a staircase to the Slime Pits.
 23732 | Lair:5   | Reached skill level 5 in Shields
 23762 | Lair:5   | Reached skill level 10 in Spellcasting
 24416 | Lair:6   | Entered Level 6 of the Lair of Beasts
 24440 | Lair:6   | Noticed Snorg
 25057 | Lair:6   | Killed Snorg
 25911 | Lair:6   | Reached XP level 16. HP: 93/118 MP: 25/30
 25914 | Lair:6   | Learned a level 1 spell: Apportation
 25992 | Lair:6   | Learned a level 3 spell: Tukima's Dance
 25999 | Lair:6   | Learned a level 6 spell: Invisibility
 26380 | D:9      | Bought the Grimoire of Earthen Dark Arts for 774 gold
                  | pieces
 26384 | D:9      | Learned a level 3 spell: Vampiric Draining
 26434 | Orc:1    | Entered Level 1 of the Orcish Mines
 26725 | Orc:2    | Entered Level 2 of the Orcish Mines
 26744 | Orc:2    | Reached skill level 1 in Hexes
 26744 | Orc:2    | Reached skill level 1 in Translocations
 26767 | Orc:2    | Reached skill level 1 in Necromancy
 27350 | Orc:2    | Found a staircase to the Elven Halls.
 27474 | Orc:2    | Found Umaid's Assorted Antiques.
 27474 | Orc:2    | Found Vabil's Book Shop.
 27476 | Orc:2    | Found Yhacs's General Store.
 27478 | Orc:2    | Found Vaol's General Store.
 27495 | Orc:2    | Bought the Tome of Boosts for 637 gold pieces
 27498 | Orc:2    | Learned a level 2 spell: Song of Slaying
 27502 | Orc:2    | Learned a level 3 spell: Ozocubu's Armour
 27802 | Orc:2    | Noticed Maurice
 27810 | Orc:2    | Killed Maurice
 27848 | Orc:2    | Found a roughly hewn altar of Beogh.
 28170 | Elf:1    | Entered Level 1 of the Elven Halls
 28196 | Elf:1    | Reached skill level 1 in Charms
 28266 | Elf:1    | Found Olevyism's Antique Weapon Shop.
 28556 | Elf:1    | Reached skill level 1 in Ice Magic
 28566 | Elf:1    | Reached skill level 11 in Spellcasting
 29103 | Elf:1    | Noticed a deep elf sorcerer
 29112 | Elf:1    | Killed a deep elf sorcerer
 29160 | Elf:1    | Reached XP level 17. HP: 111/124 MP: 6/32
 29358 | Elf:1    | Identified the Reference Book on Attacks and the Escort
 29577 | Elf:1    | Learned a level 5 spell: Irradiate
 31830 | Spider:2 | Noticed Arachne
 31870 | Spider:1 | Killed Arachne
 31870 | Spider:1 | Reached skill level 12 in Spellcasting
 32164 | D:9      | Bought a potion of curing for 45 gold pieces
 32326 | Spider:3 | Reached skill level 5 in Hexes
 32653 | Spider:2 | Reached skill level 10 in Conjurations
 33876 | Spider:3 | Reached XP level 18. HP: 132/132 MP: 23/34
 33908 | Spider:3 | Reached skill level 5 in Necromancy
 33989 | Spider:3 | Noticed Donald
 34054 | Spider:3 | Killed Donald
 34128 | Spider:3 | Noticed Roxanne
 34253 | Spider:3 | Reached skill level 5 in Charms
 34773 | Spider:3 | Killed Roxanne
 35191 | Spider:3 | Gained mutation: You are dopey. (Int -2) [potion of
                  | mutation]
 35191 | Spider:3 | Gained mutation: You are partially covered in icy blue
                  | scales. (AC +2) [potion of mutation]
 35191 | Spider:3 | Gained mutation: Armour fits poorly on your strangely
                  | shaped body. [potion of mutation]
 35191 | Spider:3 | Gained mutation: Your spells are a little harder to cast,
                  | but a little more powerful. [potion of mutation]
 35192 | Spider:3 | Lost mutation: Armour fits poorly on your strangely shaped
                  | body. [potion of mutation]
 35192 | Spider:3 | Lost mutation: Your spells are a little harder to cast, but
                  | a little more powerful. [potion of mutation]
 35192 | Spider:3 | Lost mutation: You are dopey. (Int -2) [potion of mutation]
 35192 | Spider:3 | Gained mutation: You have large cloven feet. [potion of
                  | mutation]
 35192 | Spider:3 | Gained mutation: You are resistant to electric shocks.
                  | (rElec) [potion of mutation]
 35192 | Spider:3 | Gained mutation: Your muscles are strong. (Str +2) [potion
                  | of mutation]
 35463 | Spider:4 | Entered Level 4 of the Spider Nest
 35711 | Spider:4 | Reached skill level 5 in Ice Magic
 36356 | Spider:4 | Reached skill level 13 in Spellcasting
 36692 | Spider:4 | HP: 5/132 [spark wasp (27)]
 36692 | Spider:4 | HP: 1/132 [spark wasp (4)]
 36692 | Spider:4 | Mangled by a ghost moth

Illustrated notes

Levels and vault maps discovered:
D:1:      dpeg_arrival_three_bigger_balls, layout_basic, minmay_tromino_v2
D:2:      layout_loops_ring, wad_floor_pattern_untrapped,
          nemelex_dance_club_becter
D:3:      layout_loops_ring, minivault_4, supply_closet_lemuel,
          nicolae_ru_sacrificial_ziggurat
D:4:      layout_loops_ring, overflow_temple_1_default,
          gammafunk_temple_overflow_claw, minmay_temple_entry_poolview
D:5:      layout_cave_pods, first_ration, grunt_dithmenos_smoke
D:6:      layout_layer_cave, minmay_microvault
D:7:      layout_basic, serial_bayou_pond_b, grunt_livestock,
          nicolae_qazlal_general_emergency, uniq_crazy_yiuf_cottage
D:8:      layout_cave_pools, overflow_temple_1_default, dk_noncrumbling_4
D:9:      layout_loops_ring, lemuel_coloured_pillars_altar, serial_shops,
          nicolae_shop_crystal, shop, nicolae_shop_statue_plus
D:10:     layout_loops_ring
D:11:     layout_loops_corners, lair_entry_dummy,
          kennysheep_orc_monster_closet_entryway, portal_ice_cave_rime,
          lightli_orcish_oven, uniq_josephine
D:12:     layout_small_grid, special_room [special_room_orc], serial_shops, shop
D:13:     layout_grid_maze, ximxim_vaults_locker_room, uniq_nessos, uniq_azrael
Temple:   compressed_dpeg_circular_temple
Lair:1:   layout_chaotic_city, chequers_serial_rivers_micro_c,
          grunt_megastairs_3
Lair:2:   layout_long_grid, elwin_shoals_entry_rocks, dummy_spider_entry,
          minmay_lair_oklob_chamber, uniq_gastronok, uniq_nergalle
Lair:3:   layout_regular_city, nicolae_volcano_entry_lava_flow,
          gammafunk_ghost_ooze, minivault_26
Lair:4:   layout_cave_shapes
Lair:5:   layout_regular_city, minmay_slime_entry_pillars,
          nicolae_quartered_pool_super, infiniplex_staircase_pool,
          lemuel_fruit_tree, grunt_megastairs_2
Lair:6:   hangedman_lair_tendril_chambers, layout_regular_city,
          guppyfry_lair_end_dragon, uniq_snorg
Shoals:1: layout_shoals, serial_shops, freezing_bzr, hangedman_shoal_volcano,
          uniq_aizul
Spider:1: layout_spider_delve
Spider:2: layout_spider_delve, hangedman_stitches_earthworm, uniq_arachne
Spider:3: layout_spider_delve, spiders_nest_ghost_moth_duel, uniq_roxanne,
          uniq_donald
Spider:4: grunt_spider_rune_island
Orc:1:    layout_diamond_mine
Orc:2:    st_orc_rangers, layout_caves, nicolae_orc_flooded_monolith,
          minmay_orc_temple_a, uniq_maurice
Elf:1:    layout_gridlike, serial_corexii_hall, chequers_hall_statues_corner_a,
          corexii_hall_statues_i, serial_shops, shop, minmay_elf_sorcery

Skill      XL: |  1  2  3  4  5  6  7  8  9 10 11 12 13 14 15 16 17 18 |
---------------+-------------------------------------------------------+-----
Conjurations   | 1 2 3 4 5 6 7 8 9 10 | 10.1
Spellcasting   | 3 4 6 9 10 11 12 13 | 13.0
Short Blades   | 1 2 3 4 5 6 7 8 9 10 | 10.2
Fighting       | 3 4 5 6 7 8 9 |  9.3
Dodging        | 2 3 4 5 6 7 8 9 |  9.6
Fire Magic     | 3 4 5 6 7 8 9 |  9.7
Axes           | 1 |  1.4
Poison Magic   | 2 4 6 8 9 |  9.7
Air Magic      | 1 2 4 5 6 7 |  7.5
Summonings     | 2 3 4 5 6 7 |  7.2
Shields        | 1 2 4 5 7 8 |  8.6
Armour         | 2 4 5 6 7 |  7.0
Hexes          | 3 5 6 |  6.9
Translocations | 2 |  2.6
Necromancy     | 2 4 6 |  6.0
Charms         | 3 4 5 |  5.9
Ice Magic      | 2 4 5 |  5.3
Transmutations | 2 4 |  4.3
Long Blades    | |  0.8
Throwing       | |  1.0
Stealth        | |  1.8
Evocations     | |  0.1

Action                   |  1- 3 |  4- 6 |  7- 9 | 10-12 | 13-15 | 16-18 || total
-------------------------+-------+-------+-------+-------+-------+-------++-------
Melee: Short sword       |    20 |       |       |       |       |       ||    20
       Dagger            |    31 |   153 |   165 |   670 |    33 |     7 ||  1059
       War axe           |       |       |    14 |       |       |       ||    14
       Falchion          |       |       |       |     8 |       |       ||     8
       Rapier            |       |       |       |       |   671 |   813 ||  1484
       Long sword        |       |       |       |       |       |     2 ||     2
Throw: Dart              |       |     2 |    37 |    42 |    81 |    88 ||   250
       Boomerang         |       |       |     5 |       |     7 |    12 ||    24
 Cast: Foxfire           |    26 |    18 |    56 |     1 |       |       ||   101
       Sticky Flame      |       |       |    17 |   101 |   167 |   196 ||   481
       Conjure Flame     |       |       |     2 |     1 |     2 |       ||     5
       Mephitic Cloud    |       |       |       |    13 |    33 |    72 ||   118
       Magic Dart        |       |       |       |    20 |       |       ||    20
       Searing Ray       |       |       |       |    11 |     8 |    19 ||    38
       Fireball          |       |       |       |     5 |     8 |       ||    13
       Summon Lightning  |       |       |       |     1 |    10 |     6 ||    17
       Ozocubu's Armour  |       |       |       |       |       |    25 ||    25
       Song of Slaying   |       |       |       |       |       |    19 ||    19
       Vampiric Draining |       |       |       |       |       |    16 ||    16
       Irradiate         |       |       |       |       |       |     9 ||     9
       Apportation       |       |       |       |       |       |     1 ||     1
 Abil: Dig               |       |       |       |     1 |       |       ||     1
       Shaft Self        |       |       |       |     1 |       |       ||     1
Evoke: Lightning rod     |       |       |       |       |     2 |       ||     2
       Tin of tremorston |       |       |       |       |     1 |     1 ||     2
  Use: Scroll            |       |     7 |     4 |    13 |    11 |     6 ||    41
       Potion            |       |       |     3 |     6 |       |    13 ||    22
 Stab: Sleeping          |     3 |     2 |     1 |       |       |       ||     6
       Confused          |       |       |       |     3 |    15 |    24 ||    42
       Distracted        |       |       |       |       |     1 |     1 ||     2
       Held in net/web   |       |       |       |       |       |     1 ||     1
  Eat: Chunk             |     1 |     9 |    12 |    22 |    26 |    31 ||   101
       Ration            |       |       |     3 |     4 |     4 |     1 ||    12
Armor: Robe              |     9 |    18 |    37 |    79 |       |       ||   143
       Skin              |       |       |     1 |       |       |       ||     1
       Troll leather arm |       |       |       |   154 |   207 |   652 ||  1013
Dodge: Dodged            |    35 |    93 |   148 |   382 |   386 |   957 ||  2001
       Repelled          |       |       |       |     4 |     7 |    45 ||    56
Block: Other             |       |       |    12 |   127 |   238 |   541 ||   918
       Rpst.: Falchion   |       |       |       |     4 |     1 |       ||     5
       Long sword        |       |       |       |       |       |    11 ||    11
